Map: Orbital Shipyard

Players

ILLBdA

  • Race: Protoss Protoss
  • League: Diamond

카탈루냐 - Winner!

  • Race: Protoss Protoss
  • League: Diamond

VOD

Have the link to the VOD?

Description

Time

  • Played on: Dec. 31, 2015, 7:50 a.m.
  • Length: 4:49
Show
View Real Time Build Order
Export as new Build Order

ILLBdA Protoss 

Build Orders:  

Get SALT Encoding   

  12  0:00  Probe (Chrono Boost)  
  13  0:11  Probe (Chrono Boost)  
  14  0:19  Pylon  
  14  0:22  Probe (Chrono Boost)  
  15  0:38  Probe (Chrono Boost), Gateway  
  16  0:43  Assimilator  
  16  0:48  Probe (Chrono Boost)  
  17  0:59  Probe (Chrono Boost)  
  17  1:00  Assimilator  
  18  1:09  Probe (Chrono Boost)  
  19  1:20  Probe (Chrono Boost)  
  19  1:22  Pylon  
  20  1:27  Cybernetics Core  
  20  1:30  Probe (Chrono Boost)  
  21  1:40  Gateway  
  21  1:41  Probe (Chrono Boost)  
  22  1:51  Probe (Chrono Boost)  
  23  2:04  Adept (Chrono Boost), Warp Gate (Chrono Boost)  
  25  2:11  Robotics Facility  
  25  2:17  Gateway  
  25  2:20  Probe  
  26  2:29  Stalker (Chrono Boost)  
  28  2:36  Stalker (Chrono Boost)  
  30  2:39  Pylon  
  30  2:42  Probe  
  31  2:58  Mothership Core  
  33  3:03  Stalker (Chrono Boost)  
  35  3:08  Pylon  
  35  3:19  Immortal (Chrono Boost)  
  36  3:30  Stalker  
  36  3:55  Immortal  
  40  4:05  Pylon  
  38  4:25  Adept x3  
  38  4:30  Pylon  
Show
View Real Time Build Order
Export as new Build Order

카탈루냐 Protoss - Winner!

Build Orders:  

Get SALT Encoding   

  12  0:01  Probe (Chrono Boost)  
  13  0:11  Probe (Chrono Boost)  
  14  0:19  Pylon  
  14  0:22  Probe (Chrono Boost)  
  15  0:37  Probe (Chrono Boost), Gateway  
  16  0:45  Assimilator  
  16  0:47  Probe (Chrono Boost)  
  17  0:53  Assimilator  
  17  0:58  Probe (Chrono Boost)  
  17  1:01  Pylon  
  18  1:08  Probe (Chrono Boost)  
  19  1:19  Probe (Chrono Boost)  
  19  1:25  Cybernetics Core  
  20  1:30  Probe (Chrono Boost)  
  20  1:31  Pylon  
  21  1:40  Probe (Chrono Boost)  
  22  1:47  Gateway  
  22  1:51  Probe (Chrono Boost)  
  22  1:53  Pylon  
  23  2:02  Stalker (Chrono Boost)  
  23  2:05  Warp Gate  
  25  2:25  Robotics Facility  
  25  2:27  Probe  
  26  2:35  Stalker (Chrono Boost)  
  27  2:49  Mothership Core (Chrono Boost)  
  29  2:55  Pylon  
  29  2:56  Stalker  
  30  3:13  Stalker  
  30  3:26  Stalker  
  32  3:30  Immortal (Chrono Boost)  
  36  3:42  Pylon  
  36  3:56  Stalker  
  38  4:05  Immortal (Chrono Boost)  
  38  4:06  Gateway  
  42  4:18  Stalker  
  44  4:34  Stalker  
Tags
 
Matchup
PvP
Replay Pack
me
Add a new tag
Caveats
  • Supply blocks, unpowered buildings, or Contaminate may cause inaccurate times.
  • Supply counts are checked every 10 seconds.